 Dungeon Crawl Stone Soup version 0.32-a0-128-g77eb882913 (webtiles) character file.

Game seed: 296342251486455679

58 pokeman the Magician (level 3, -1/20 HPs)
             Began as a Deep Elf Hedge Wizard on Feb 8, 2024.
             Succumbed to a scorpion's poison
             ... on level 4 of the Dungeon.
             The game lasted 00:03:47 (2598 turns).

pokeman the Magician (Deep Elf Hedge Wizard)        Turns: 2598, Time: 00:03:48

Health: -1/20      AC:  2    Str: 11    XL:     3   Next: 76%
Magic:  4/11       EV: 12    Int: 17    God:
Gold:   64         SH:  0    Dex: 13    Spells: 4/12 levels left

rFire   . . .        a - +0 dagger
rCold   . . .        (no shield)
rNeg    . . .        b - +0 robe
rPois   .            c - +0 hat
rElec   .            (no cloak)
rCorr   .            (no gloves)
SInv    .            (no boots)
Will    .....        (no amulet)
Stlth   +            (no ring)
HPRegen 0.23/turn    (no ring)
MPRegen 0.12/turn

%: no passive effects
@: confused, lethally poisoned (-1 -> -23), very slightly contaminated
A: dopey 1, strong 1
a: no special abilities


You were on level 4 of the Dungeon.
You visited 1 branch of the dungeon, and saw 3 of its levels.

You collected 64 gold pieces.

Inventory:

Hand Weapons
 a - a +0 dagger (weapon)
Armour
 b - a +0 robe (worn)
 c - a +0 hat (worn)
Scrolls
 f - a scroll of teleportation {unknown}
 h - a scroll of vulnerability {unknown}
 i - a scroll of fog {unknown}
 j - a scroll of immolation {unknown}
Potions
 d - a potion of magic
 e - a potion of heal wounds {unknown}
 g - a potion of mutation


   Skills:
 - Level 1.0 Fighting
 - Level 1.0 Armour
 + Level 2.4 Dodging
 + Level 2.4 Stealth
 * Level 5.4 Spellcasting
 + Level 2.0 Conjurations
 - Level 1.1 Summonings
 - Level 1.1 Translocations


You had 4 spell levels left.
You knew the following spells:

 Your Spells              Type           Power      Damage    Failure   Level
a - Magic Dart            Conj           44%        1d5       6%          1
b - Mephitic Cloud        Conj/Alch/Air  6%         N/A       30%         3
c - Call Imp              Summ           16%        N/A       13%         2
d - Blink                 Tloc           16%        N/A       13%         2

Your spell library contained the following spells:

 Spells                   Type           Power      Damage    Failure   Level
 Apportation              Tloc           16%        N/A       9%          1
 Slow                     Hex            16%        N/A       14%         1
 Cigotuvi's Dreadful Rot  Necr/Alch/Air  8%         N/A       21%         2
 Jinxbite                 Hex            8%         N/A       21%         2
 Alistair's Intoxication  Alch           2%         N/A       98%         5


Dungeon Overview and Level Annotations

Branches:
Dungeon (4/15)
 Temple: D:4-7

Altars:

Shops:
D:1 *


Innate Abilities, Weirdness & Mutations

You are dopey. (Int -2)
Your muscles are strong. (Str +4, Int/Dex -1)


Message History

Press: ? - help, Shift-Dir - straight line, f - scorpion
Aim: a scorpion (asleep, 100% to hit)
The magic dart hits the scorpion but does no damage.
Casting: Magic Dart (safe; 4% risk of failure)
Confirm with . or Enter, or press ? or * to list all spells.
Aiming: Mephitic Cloud (extremely dangerous; 26% risk of failure)
Press: ? - help, Shift-Dir - straight line, f/p - scorpion
Aim: a scorpion (chance to affect: 81%)
You miscast Mephitic Cloud.
You are very lightly contaminated with residual magic.
Parts of your body briefly turn golden.
You are poisoned.
You feel very sick. The scorpion closely misses you.
Casting: Mephitic Cloud (extremely dangerous; 26% risk of failure)
Confirm with . or Enter, or press ? or * to list all spells.
Aiming: Mephitic Cloud (extremely dangerous; 26% risk of failure)
Press: ? - help, Shift-Dir - straight line, f/p - scorpion
Aim: a scorpion (chance to affect: 81%)
The ball explodes into a vile cloud!
The stinking cloud engulfs the scorpion.
The stinking cloud engulfs you.
You are engulfed in noxious fumes.
You choke on the stench!
You are confused.
You feel very sick.
The scorpion is engulfed in noxious fumes.
The scorpion closely misses you.
Unknown command.
You hit the scorpion but do no damage.
You are engulfed in noxious fumes.
You choke on the stench!
You are more confused.
You feel sick.
The scorpion is engulfed in noxious fumes.
The scorpion appears confused.
The scorpion stings you!
* * * LOW HITPOINT WARNING * * *
You are more poisoned.
The scorpion poisons you!
It was a potion of mutation.
You feel extremely strange.
You feel stupid.
You feel stronger.
You are engulfed in noxious fumes.
You choke on the stench!
You are more confused.
You die...

#...#.......>#
##...######..##
#....'.####..#
#....#.##....#
#....#.#.....#
#....#.#.#####
#....#...#
..[...#.#.#
..######@§.# #.
#s### # .§☼
####. .# #


You could see a scorpion (confused).

Vanquished Creatures
  3 gnolls (D:2)
  An endoplasm (D:1)
  A giant cockroach (D:2)
  4 goblins
  8 hobgoblins
  A kobold (D:2)
  A quokka (D:1)
  3 ball pythons
  2 bats
  4 frilled lizards
  2 rats
30 creatures vanquished.

Notes
Turn   | Place    | Note
-------+----------+-------------------------------------------
     0 | D:1      | pokeman the Deep Elf Hedge Wizard began the quest for the
                  | Orb.
     0 | D:1      | Reached XP level 1. HP: 10/10 MP: 7/7
   397 | D:1      | Reached XP level 2. HP: 11/15 MP: 2/9
   771 | D:1      | Found Mygu's Assorted Antiques.
  1779 | D:2      | Reached skill level 5 in Spellcasting
  2039 | D:2      | Reached XP level 3. HP: 20/20 MP: 6/11
  2059 | D:1      | Learned a level 3 spell: Mephitic Cloud
  2062 | D:1      | Learned a level 2 spell: Call Imp
  2065 | D:1      | Learned a level 2 spell: Blink
  2422 | D:2      | Reached skill level 1 in Fighting
  2422 | D:2      | Reached skill level 1 in Armour
  2525 | D:2      | You fall into a shaft and drop 2 floors!
  2592 | D:4      | Noticed a scorpion
  2598 | D:4      | Gained mutation: You are dopey. (Int -2) [potion of
                  | mutation]
  2598 | D:4      | Gained mutation: Your muscles are strong. (Str +4, Int/Dex
                  | -1) [potion of mutation]
  2598 | D:4      | Succumbed to a scorpion's poison

Illustrated notes

Levels and vault maps discovered:
D:1:      dpeg_arrival_short_road, layout_basic, serial_shops,
          nicolae_shop_tiny_waterfront, nicolae_figureground_sparkle
D:2:      layout_basic, serial_curves, eino_curves_02, eino_curves_01,
          eino_curves_01, serial_bayou_crossing
D:4:      layout_basic, nicolae_yredelemnul_corpse_copse, uniq_eustachio,
          uniq_menkaure

Skill      XL: |  1  2  3 |
---------------+----------+-----
Spellcasting   | 5 |  5.4
Fighting       | 1 |  1.0
Armour         | 1 |  1.0
Conjurations   | 2 |  2.0
Dodging        | |  2.4
Stealth        | |  2.4
Summonings     | |  1.1
Translocations | |  1.1

Action                     || total
---------------------------++-------
  Melee: Dagger            ||    12
         Punch             ||     3
   Cast: Magic Dart        ||    94
         Mephitic Cloud    ||     3
         Call Imp          ||     1
    Use: Potion            ||     1
   Stab: Confused          ||     2
 Armour: Robe              ||    14
  Dodge: Dodged            ||    30

Table legend: (Time is in decaauts)
 A = Elapsed time spent in this place.
 B = Non-inter-level travel time spent in this place.
 C = Inter-level travel time spent in this place.
 D = Time resting spent in this place.
 E = Time spent auto-exploring this place.
 F = Levels seen in this place.
 G = Mean time per level.
                   A        B        C        D        E       F      G
               +--------+--------+--------+--------+--------+-----+--------+
         Total |   2599 |   2438 |    161 |     83 |   2058 |   3 |  866.3 |
       Dungeon |   2599 |   2438 |    161 |     83 |   2058 |   3 |  866.3 |
               +--------+--------+--------+--------+--------+-----+--------+

Top non-repeatable levels by time:
     D:1: 1705 daAuts
     D:2: 821 daAuts
     D:4: 72 daAuts
